Map: [ESL] Berlingrad

Players

Reynor - Winner!

  • Race: Zerg Zerg

ByuN

  • Race: Terran Terran

Event: IEM Katowice 2022

VOD

Have the link to the VOD?

Description

Time

  • Played on: Feb. 25, 2022, 3:11 p.m.
  • Length: 9:29

All games in this series

Show
View Real Time Build Order
Export as new Build Order

Reynor Zerg - Winner!

Build Orders: Pool First 

Get SALT Encoding   

  12  0:00  Drone  
  13  0:12  Overlord  
  13  0:16  Drone  
  14  0:30  Drone x2  
  14  0:34  Drone  
  17  0:44  Spawning Pool  
  17  0:46  Drone  
  17  0:49  Extractor  
  16  0:55  Drone  
  17  1:06  Drone  
  18  1:18  Hatchery  
  17  1:21  Drone  
  18  1:32  Roach Warren  
  17  1:34  Zergling x2  
  18  1:45  Queen  
  20  1:53  Overlord  
  20  2:12  Roach x3  
  26  2:23  Roach  
  26  2:25  Queen  
  30  2:34  Drone x2  
  32  2:41  Drone  
  32  2:46  Ravager x2  
  32  2:47  Overlord  
  34  2:51  Drone  
  34  2:54  Drone  
  36  3:05  Drone x3  
  38  3:06  Drone  
  40  3:13  Overlord  
  40  3:14  Drone  
  40  3:19  Drone  
  39  3:28  Drone x2  
  40  3:36  Drone  
  40  3:38  Drone  
  42  3:41  Ravager  
  42  3:43  Drone  
  42  3:45  Drone  
  42  3:47  Drone  
  46  3:51  Overlord  
  46  3:55  Drone  
  47  3:56  Drone  
  48  4:03  Queen  
  48  4:06  Drone x2  
  52  4:22  Drone x3  
  52  4:23  Hatchery  
  54  4:26  Overlord  
  54  4:35  Overlord  
  54  4:37  Drone x2  
  56  4:39  Metabolic Boost  
  56  4:44  Overlord  
  56  4:50  Queen  
  58  4:55  Queen  
  61  5:00  Drone x5  
  61  5:01  Overlord  
  65  5:08  Spore Crawler  
  65  5:12  Overlord  
  64  5:14  Drone  
  64  5:17  Zergling x8  
  64  5:18  Spore Crawler, Zergling x2  
  64  5:20  Drone  
  70  5:27  Overlord  
  70  5:30  Drone, Queen  
  73  5:37  Drone x2  
  73  5:40  Lair  
  73  5:41  Drone  
  76  5:47  Drone x2  
  76  5:53  Overlord  
  75  5:59  Drone  
  75  6:00  Drone, Overlord  
  75  6:04  Drone x3  
  79  6:05  Drone x2, Queen  
  79  6:09  Overlord  
  79  6:10  Drone x2  
  86  6:12  Drone x2  
  86  6:15  Overlord  
  88  6:19  Evolution Chamber  
  88  6:20  Drone  
  88  6:22  Evolution Chamber  
  88  6:23  Drone  
  88  6:25  Queen  
  88  6:26  Drone  
  88  6:27  Extractor  
  88  6:30  Extractor  
  88  6:31  Drone, Extractor  
  88  6:32  Extractor x2  
  88  6:33  Drone  
  88  6:34  Drone  
  88  6:36  Overlord  
  88  6:37  Drone  
  88  6:38  Drone  
  88  6:39  Glial Reconstitution  
  91  6:41  Zergling x2  
  91  6:42  Zergling x6  
  91  6:45  Drone  
  96  6:49  Zerg Ground Armor Level 1  
  96  6:50  Overlord  
  96  6:53  Drone  
  97  6:56  Drone  
  97  6:58  Hatchery  
  96  7:02  Drone  
  96  7:06  Overlord  
  97  7:08  Zerg Missile Weapons Level 1  
  97  7:14  Roach  
  97  7:15  Roach x6  
  111  7:20  Roach x3  
  111  7:21  Roach  
  119  7:24  Drone  
  120  7:31  Roach  
  120  7:32  Ravager  
  120  7:33  Roach  
  120  7:36  Roach x2  
  129  7:38  Roach  
  129  7:39  Roach x2  
  129  7:41  Roach  
  129  7:42  Roach x3  
  143  7:47  Roach  
  143  7:48  Overlord  
  145  7:51  Roach x3  
  145  7:54  Roach  
  145  7:57  Overlord  
  153  8:01  Overlord  
  153  8:07  Overlord  
  153  8:13  Overlord  
  153  8:15  Roach x7  
  153  8:16  Overlord  
  153  8:18  Roach  
  169  8:20  Roach x3  
  169  8:23  Roach  
  177  8:27  Overlord  
  177  8:30  Ravager x2  
  177  8:33  Roach x3  
  183  8:36  Roach x3  
  183  8:41  Roach x5  
Show
View Real Time Build Order
Export as new Build Order

ByuN Terran 

Build Orders:  

Get SALT Encoding   

  12  0:00  SCV  
  13  0:12  SCV  
  14  0:16  Supply Depot  
  14  0:24  SCV  
  15  0:38  SCV  
  15  0:40  Barracks  
  15  0:42  Refinery  
  16  0:50  SCV  
  17  0:58  Barracks  
  17  1:03  SCV  
  18  1:15  SCV  
  19  1:19  Barracks  
  19  1:27  Reaper  
  20  1:34  Refinery  
  20  1:41  Orbital Command  
  20  1:45  Reaper  
  21  1:54  Supply Depot  
  21  2:00  Reaper  
  23  2:11  Reaper  
  23  2:16  SCV  
  23  2:18  Reaper  
  25  2:28  SCV  
  26  2:36  Marine  
  27  2:37  Bunker  
  27  2:40  SCV  
  27  2:43  Marine  
  29  2:47  Factory  
  30  2:54  Marine  
  31  3:00  Supply Depot  
  31  3:06  SCV  
  31  3:18  SCV  
  29  3:30  SCV  
  29  3:32  Factory Tech Lab  
  29  3:34  Starport  
  28  3:43  Command Center  
  28  3:51  Cyclone  
  28  3:54  SCV  
  32  4:02  Supply Depot  
  32  4:06  SCV  
  33  4:11  Medivac  
  33  4:14  Supply Depot  
  35  4:23  Cyclone  
  38  4:28  Supply Depot  
  38  4:37  SCV  
  39  4:41  Barracks Tech Lab  
  39  4:42  Barracks Reactor x2  
  39  4:49  SCV  
  39  4:51  Liberator  
  43  5:02  SCV, Marine  
  45  5:12  Stimpack  
  45  5:14  SCV  
  46  5:15  Orbital Command  
  46  5:23  Marine  
  46  5:24  Marine x3  
  50  5:30  SCV  
  50  5:35  Marine  
  52  5:38  Siege Tank  
  52  5:41  SCV  
  52  5:42  SCV  
  57  5:43  Refinery  
  57  5:54  SCV x2  
  57  5:55  Marine  
  57  5:56  Marine x2  
  62  6:03  Supply Depot x2  
  62  6:04  Marine x2  
  62  6:06  SCV x2  
  61  6:11  Starport Reactor  
  62  6:19  Supply Depot, Engineering Bay  
  62  6:23  Marine  
  62  6:24  Marine x3  
  62  6:25  Siege Tank  
  68  6:27  Marine  
  68  6:28  SCV x2  
  71  6:40  SCV  
  71  6:41  SCV, Marine  
  71  6:42  Marine x3  
  71  6:44  Marine  
  71  6:45  Terran Infantry Weapons Level 1  
  78  6:52  Combat Shield  
  78  6:53  SCV x2  
  80  6:55  Supply Depot  
  80  6:57  Supply Depot  
  80  7:02  Siege Tank  
  80  7:03  Medivac  
  80  7:05  Marine  
  86  7:15  Supply Depot  
  86  7:17  Marine x4  
  90  7:23  Medivac  
  90  7:28  SCV x2  
  94  7:30  Marine  
  94  7:31  Refinery  
  94  7:34  Marine x4  
  99  7:43  Command Center  
  99  7:44  Siege Tank  
  102  7:48  Supply Depot  
  102  7:53  Marine x5  
  102  7:57  Medivac  
  109  8:04  Supply Depot  
  109  8:05  Medivac  
  111  8:14  SCV x2  
  111  8:18  Siege Tank  
  113  8:29  Marine x2  
  113  8:30  Marine  
  115  8:38  Marine x2  
  116  8:44  Medivac  
  116  8:47  Marine x3  
  116  8:48  Medivac  
  123  8:50  Siege Tank  
  126  8:59  SCV  
  126  9:00  SCV  
  126  9:02  Barracks  
  128  9:05  Barracks  
  128  9:06  Marine x2  
  128  9:07  Marine x2  

Tags
 
Add a new tag
Caveats
  • Supply blocks, unpowered buildings, or Contaminate may cause inaccurate times.
  • Supply counts are checked every 10 seconds.